 Dungeon Crawl Stone Soup version 0.25.0-33-gff14898491 (webtiles) character file.

Game seed: 11267802406496272920

196 MisterFreud the Chiller (level 5, 0/41 HPs)
             Began as a Demonspawn Ice Elementalist on July 7, 2020.
             Slain by a gnoll
             ... wielding a +0 halberd
              (10 damage)
             ... on level 3 of the Dungeon.
             The game lasted 00:04:25 (3236 turns).

MisterFreud the Chiller (DsIE)                      Turns: 3236, Time: 00:04:26

Health: 0/41       AC: -2    Str:  8    XL:     5   Next: 45%
Magic:  4/9        EV: 12    Int: 18    God:
Gold:   151        SH:  0    Dex: 13    Spells: 6/10 levels left

rFire    . . .     SeeInvis +   i - +0 short sword
rCold    . . .     Gourm    .   (no shield)
rNeg     . . .     Faith    .   a - +0 robe
rPois    .         Spirit   .   (helmet restricted)
rElec    .         Reflect  .   (no cloak)
rCorr    .         Harm     .   (no gloves)
MR       .....                  (no boots)
Stlth    ++........             (no amulet)
HPRegen  0.13/turn              p - ring of flight
MPRegen  0.11/turn              e - ring of see invisible

@: corroded, frozen ramparts
A: antennae 2
a: Evoke Flight


You were on level 3 of the Dungeon.
You were hungry.

You visited 1 branch of the dungeon, and saw 3 of its levels.

You collected 151 gold pieces.

Inventory:

Hand Weapons
 i - a +0 short sword (weapon)
Missiles
 o - a throwing net (quivered)
Armour
 a - a +0 robe (worn)
Jewellery
 e - a ring of see invisible (right hand)
 p - a ring of flight (left hand)
Scrolls
 b - 5 scrolls of identify {unknown}
 g - 2 scrolls of blinking {unknown}
 j - 2 scrolls of magic mapping {unknown}
 k - 2 scrolls of enchant weapon {unknown}
 l - 5 scrolls of teleportation {unknown}
 n - 3 scrolls of random uselessness {unknown}
 r - a scroll of remove curse {unknown}
Potions
 d - 2 potions of ambrosia {unknown}
 f - a potion of heal wounds
 h - 2 potions of flight {unknown}
 m - a potion of cancellation {unknown}
 s - a potion of mutation {unknown}
Comestibles
 c - 3 rations
 q - 9 chunks of flesh


   Skills:
 - Level 3.0 Fighting
 - Level 1.7 Dodging
 - Level 1.7 Stealth
 - Level 3.0 Spellcasting
 + Level 4.9 Ice Magic


You had 6 spell levels left.
You knew the following spells:

 Your Spells              Type           Power        Failure   Level  Hunger
a - Freeze                Ice            ###.         2%          1    None
b - Frozen Ramparts       Ice            ###...       6%          3    ###....

Your spell library contained the following spells:

 Spells                   Type           Power        Failure   Level  Hunger
 Ozocubu's Armour         Chrm/Ice       ##......     19%         3    ###....
 Hailstorm                Conj/Ice       ##......     52%         4    ####...
 Summon Ice Beast         Ice/Summ       ##......     52%         4    ####...


Dungeon Overview and Level Annotations

Branches:
Dungeon (3/15)

Altars:
Ashenzari
Fedhas
Kikubaaqudgha
Nemelex Xobeh
Sif Muna
Yredelemnul


Innate Abilities, Weirdness & Mutations

You have a pair of antennae on your head.


Message History

The wall freezes the gnoll.
The gnoll zaps a wand.
The bolt of acid hits you! The acid corrodes you!
You are splashed with acid!
The wall freezes the gnoll.
The gnoll hits you from afar with a +0 spear.
* * * LOW HITPOINT WARNING * * *
You aren't carrying any items that you can evoke.
Unknown command.
The wall freezes the gnoll.
A ball python comes into view.
The frozen ramparts melt away.
A leopard gecko comes into view.
Found a shattered altar of Ashenzari.
Casting: Frozen Ramparts (dangerous; 6% risk of failure)
Confirm with . or Enter, or press ? or * to list all spells.
The walls around you are covered in ice.
The gnoll shouts!
The leopard gecko hisses angrily.
You are feeling hungry.
The ball python hisses angrily.
You hear a shout!
The wall freezes the gnoll.
The gnoll hits you from afar with a +0 halberd!
You die...

..................###
#...........######
#...........#
#.....#g..#.#
####..#...#.#
{#..##g##.#
#...g....#
###.#..#### #@.....#
.._..g'...#..#
..S...#......#
......#.###..# ..l..
.#. ...# .#'.#.⌠ .
##.# #...### . # #..
..


You could see 3 gnolls, a leopard gecko and a ball python.

Vanquished Creatures
  A scorpion (D:2)
  Jessica (D:2)
  7 gnolls
  An ooze (D:3)
  2 worms (D:2)
  A dart slug (D:3)
  5 bats
  3 giant cockroaches
  7 goblins
  3 hobgoblins
  5 frilled lizards
  5 kobolds
  3 rats
44 creatures vanquished.

Notes
Turn   | Place    | Note
-------+----------+-------------------------------------------
     0 | D:1      | MisterFreud the Demonspawn Ice Elementalist began the quest
                  | for the Orb.
     0 | D:1      | Reached XP level 1. HP: 13/13 MP: 3/3
    99 | D:1      | Reached skill level 1 in Fighting
   209 | D:1      | Gained mutation: You have a pair of small antennae on your
                  | head. [demonic ancestry]
   209 | D:1      | Reached XP level 2. HP: 19/22 MP: 5/5
  1440 | D:3      | Reached XP level 3. HP: 27/28 MP: 3/6
  1445 | D:3      | Learned a level 3 spell: Frozen Ramparts
  2102 | D:2      | Found a sparkling altar of Nemelex Xobeh.
  2102 | D:2      | Found a shimmering blue altar of Sif Muna.
  2107 | D:2      | Found a blossoming altar of Fedhas.
  2109 | D:2      | Found a faded altar of an unknown god.
  2111 | D:2      | Found a basalt altar of Yredelemnul.
  2158 | D:2      | Reached XP level 4. HP: 8/35 MP: 1/7
  2448 | D:2      | Found an ancient bone altar of Kikubaaqudgha.
  2515 | D:2      | Reached skill level 4 in Ice Magic
  2776 | D:2      | Noticed Jessica
  2792 | D:2      | Killed Jessica
  2792 | D:2      | Gained mutation: You have a pair of antennae on your head.
                  | [demonic ancestry]
  2792 | D:2      | Reached XP level 5. HP: 35/41 MP: 2/9
  3234 | D:3      | Found a shattered altar of Ashenzari.
  3236 | D:3      | Slain by a gnoll

Illustrated notes

Levels and vault maps discovered:
D:1:      minmay_arrival_semitransparent, layout_loops_cross,
          minmay_pentomino_o4
D:2:      layout_basic, lemuel_round_altar, chequers_temple_overflow_minitemple,
          uniq_jessica
D:3:      layout_loops_cross, evilmike_ruin_ashenzari, first_ration,
          minivault_27

Skill      XL: |  1  2  3  4 |
---------------+-------------+-----
Fighting       | 1 2 3 |  3.0
Ice Magic      | 4 |  4.9
Spellcasting   | 3 |  3.0
Dodging        | |  1.7
Stealth        | |  1.7

Action                   |  1- 3 |  4- 6 || total
-------------------------+-------+-------++-------
Melee: Club              |     2 |       ||     2
       Short sword       |     6 |    25 ||    31
 Cast: Freeze            |    40 |     6 ||    46
       Frozen Ramparts   |     2 |     9 ||    11
  Use: Potion            |       |     1 ||     1
 Stab: Sleeping          |     1 |       ||     1
  Eat: Chunk             |     3 |     2 ||     5
       Ration            |       |     1 ||     1
Armor: Robe              |     3 |     6 ||     9
Dodge: Dodged            |    28 |    24 ||    52
